[Event "*** Titled Tuesday Blitz"]
[Site "Chess.com"]
[Date "2020.05.12"]
[Round "3"]
[White "GreatOwl02"]
[Black "NotFischer"]
[Result "1-0"]
[WhiteElo "2336"]
[BlackElo "2099"]
[TimeControl "180+1"]
[EndTime "10:28:07 PDT"]
[Termination "GreatOwl02 won by resignation"]

1. d4 Nf6 2. c4 e6 3. Nf3 d5 4. Nc3 Be7 5. Bf4 O-O 6. e3 c6 7. Bd3 Nbd7 8. O-O dxc4 9. Bxc4 Nh5 10. Qe2 Nxf4 11. exf4 Qc7 12. f5 Nb6 13. fxe6 Nxc4 14. exf7+ Rxf7 15. Qxc4 Bf6 16. Rfe1 Bg4 17. Ne5 Bxe5 18.
dxe5 Bh5 19. Rac1 Qb6 20. Rc2 Rf8 21. Ne4 Kh8 22. Qc5 Bg6 23. Qxb6 axb6 24. Rd2 Re7 25. Nd6 h6 26. g3 Ra8 27. a3 Ra5 28. f4 Kh7 29.
Nc8 Re8 30. Nxb6 Rb5 31. Nc4 Bf7 32. Nd6 Rb3 33. Nxe8 Bxe8 34. Kf2 c5 35. Re3 Rb6 36. Rc3 Bc6 37. Rxc5 1-0

[Event "*** Titled Tuesday Blitz"]
[Site "Chess.com"]
[Date "2020.05.12"]
[Round "3"]
[White "Beca95"]
[Black "stanyga"]
[Result "1-0"]
[WhiteElo "2928"]
[BlackElo "2654"]
[TimeControl "180+1"]
[EndTime "10:28:08 PDT"]
[Termination "Beca95 won by resignation"]

1. e4 g6 2. Nc3 Bg7 3. f4 c5 4.
Bc4 Nc6 5. a3 e6 6. Ba2 Nge7 7.
d3 d5 8. Nf3 O-O 9. O-O Rb8 10.
Bd2 b5 11. e5 f6 12. exf6 Bxf6 13. Kh1 a5 14. Rb1 Qd6 15. Be3 Kh8 16. a4 bxa4 17.
Nxa4 d4 18. Bd2 Nd5 19. Ng5 Bxg5 20. fxg5 Bd7 21. Qe2 Nce7 22. Bb3 Nf5 23. Bxd5 Qxd5 24. b3 e5 25. Rbe1 Rbe8 26. Nb6 Qc6 27. Nxd7 Qxd7 28. Qe4 a4 29. g4 Nh4 30. bxa4 Rxf1+ 31. Rxf1 Qxa4 32.
Be1 Qxc2 33. Bxh4 c4 34. Bg3 Qxd3 35. Bxe5+ Rxe5 36. Qxe5+ Kg8 37. Qe8+ 1-0

[Event "*** Titled Tuesday Blitz"]
[Site "Chess.com"]
[Date "2020.05.12"]
[Round "3"]
[White "Igor_Lysyj"]
[Black "aNaartjieZA"]
[Result "1-0"]
[WhiteElo "2792"]
[BlackElo "2596"]
[TimeControl "180+1"]
[EndTime "10:28:09 PDT"]
[Termination "Igor_Lysyj won by resignation"]

1. d4 Nf6 2. c4 c5 3. d5 e5 4.
Nc3 d6 5. e4 Be7 6. g3 Nbd7 7.
Bg2 h5 8. h4 Nf8 9. Nge2 Ng6 10. f3 Nd7 11. Be3 Ngf8 12. Qd2 Nh7 13. Bh3 Nb6 14.
b3 Bxh3 15. Rxh3 Qd7 16. Rh1 f5 17. O-O-O fxe4 18. Nxe4 a5 19. a4 Qf5 20. Rdf1 Nd7 21. N2c3 Ndf6 22. Ng5 Nxg5 23. hxg5 Nd7 24. g4 Qg6 25.
Ne4 h4 26. Rh3 b6 27. Rfh1 O-O-O 28. Rxh4 Rxh4 29. Rxh4 Rf8 30. Qe2 Kc7 31. Qg2 Rg8 32. Kd2 Qf7 33. Ke2 Nf8 34. Rh3 Ng6 35. Qh1 Nf4+ 36.
Bxf4 Qxf4 37. Rh8 Qf8 38. Rxg8 Qxg8 39. g6 Qf8 40. Qh7 Kd7 41. Kf2 Ke8 42. Kg2 Kd7 43. g5 Kc7 44. Qh3 Qc8 45. Qxc8+ Kxc8 46. Kg3 Kd7 47.
f4 exf4+ 48. Kxf4 Bd8 49. Kf5 Ke7 50. Ng3 Kf8 51. Ke6 Bxg5 52. Nf5 1-0

[Event "*** Titled Tuesday Blitz"]
[Site "Chess.com"]
[Date "2020.05.12"]
[Round "3"]
[White "Gentlejimmy7"]
[Black "Grandelicious"]
[Result "1-0"]
[WhiteElo "2579"]
[BlackElo "2740"]
[TimeControl "180+1"]
[EndTime "10:28:09 PDT"]
[Termination "Gentlejimmy7 won by checkmate"]

1. d4 Nf6 2. g3 c5 3. Nf3 cxd4 4. Nxd4 e5 5. Nb3 d5 6. Bg2 Be6 7. O-O Be7 8. e4 Nxe4 9. c4 Nc6 10. cxd5 Bxd5 11.
Qe2 Bxb3 12. axb3 Nc5 13. Bxc6+ bxc6 14. Qxe5 O-O 15. Nc3 Nxb3 16. Rd1 Bf6 17. Qe2 Qc8 18. Ra3 Nd4 19. Qh5 g6 20. Qc5 Qg4 21. Be3 Ne6 22. Qxc6 Bxc3 23. f3 Qf5 24. Rxc3 Rad8 25. Rcc1 Rxd1+ 26. Rxd1 h5 27. Qe4 Qb5 28. Qc2 a5 29. Kg2 Rb8 30.
Rd2 a4 31. Qe4 Qb3 32. Qe5 Re8 33. Bd4 Kf8 34. Qg7+ Ke7 35. Bf6# 1-0

[Event "*** Titled Tuesday Blitz"]
[Site "Chess.com"]
[Date "2020.05.12"]
[Round "3"]
[White "tan275"]
[Black "Flawless_Fighter"]
[Result "0-1"]
[WhiteElo "2177"]
[BlackElo "2479"]
[TimeControl "180+1"]
[EndTime "10:28:09 PDT"]
[Termination "Flawless_Fighter won by checkmate"]

1. d4 Nf6 2. c4 e6 3. Nc3 Bb4 4. Nf3 d5 5. a3 Bxc3+ 6. bxc3 O-O 7.
e3 b6 8. cxd5 exd5 9. Bd3 c5 10.
O-O Ba6 11. Bxa6 Nxa6 12. a4 Rc8 13. a5 b5 14. dxc5 Nxc5 15. Ba3 Nfe4 16. Nd4 a6 17.
Rc1 Re8 18. Bb4 Qg5 19. Re1 h5 20. Qf3 Nd3 21. Nf5 Re6 22. Red1 Nxc1 23. Rxd5 Qf6 24. Qh3 Rce8 25. Nd4 Re5 26. Rxe5 Qxf2+ 27. Kh1 Qf1# 0-1

[Event "*** Titled Tuesday Blitz"]
[Site "Chess.com"]
[Date "2020.05.12"]
[Round "3"]
[White "beto-betun"]
[Black "Quattroporte300"]
[Result "1-0"]
[WhiteElo "2126"]
[BlackElo "2324"]
[TimeControl "180+1"]
[EndTime "10:28:09 PDT"]
[Termination "beto-betun won by resignation"]

1. d4 Nf6 2. c4 e6 3. Nf3 d5 4.
g3 dxc4 5. Bg2 c5 6. O-O Nc6 7. dxc5 Qxd1 8. Rxd1 Bxc5 9. Nbd2 c3 10. bxc3 O-O 11. Nb3 Bb6 12. c4 Ne4 13. e3 e5 14.
Bb2 Re8 15. Rd5 Be6 16. Rdd1 Bxc4 17. Nxe5 Nxf2 18. Nxc4 Nxd1 19. Rxd1 Bxe3+ 20. Nxe3 Rxe3 21. Kf2 Rae8 22. Bf3 h6 23. Nc5 Na5 24. h4 b6 25.
Nd3 Nc4 26. Bd4 R3e7 27. Nf4 Rd8 28. Nd5 Red7 29. Bc3 b5 30. Ne7+ Kf8 31. Rxd7 Rxd7 32. Nf5 a6 33. Bxg7+ Ke8 34. Bxh6 Nd2 35. Bc6 Kd8 36.
Bxd7 Kxd7 37. Bxd2 1-0

[Event "*** Titled Tuesday Blitz"]
[Site "Chess.com"]
[Date "2020.05.12"]
[Round "3"]
[White "viktorskliarov"]
[Black "S2PAc"]
[Result "0-1"]
[WhiteElo "2589"]
[BlackElo "2777"]
[TimeControl "180+1"]
[EndTime "10:28:10 PDT"]
[Termination "S2PAc won by checkmate"]

1. e4 c6 2. d4 d5 3. e5 c5 4.
Nf3 Nc6 5. dxc5 Bg4 6. Bb5 Qa5+ 7. Nc3 e6 8. Be3 Ne7 9. a3 Qc7 10. Bd4 Nf5 11. h3 Bxf3 12. gxf3 g6 13. b4 Bg7 14. f4 O-O 15. Bxc6 bxc6 16. Ne2 a5 17. c3 Rae8 18. Qd3 f6 19. exf6 Bxf6 20. b5 cxb5 21. Qxb5 e5 22. fxe5 Bxe5 23. O-O-O Bxd4 24. Nxd4 Qf4+ 25. Rd2 Nxd4 26. cxd4 Qf3 27. Rhd1 Qxa3+ 28. Qb2 Qxh3 29. Qa2 Qf3 30. Rd3 Qf4+ 31. R1d2 Re1+ 32. Kc2 Qf5 33. Qxa5 Rb8 34. c6 Reb1 35. c7 R1b2+ 36. Kc3 R8b3# 0-1

[Event "*** Titled Tuesday Blitz"]
[Site "Chess.com"]
[Date "2020.05.12"]
[Round "3"]
[White "FMalexhdez"]
[Black "NZT72"]
[Result "0-1"]
[WhiteElo "2028"]
[BlackElo "2467"]
[TimeControl "180+1"]
[EndTime "10:28:12 PDT"]
[Termination "NZT72 won by resignation"]

1. e4 e5 2. Nf3 Nc6 3. Bc4 Bc5 4.
O-O Nf6 5. d3 d6 6. c3 h6 7.
Nbd2 a5 8. Bb3 O-O 9. h3 Ne7 10. Re1 Ng6 11. d4 Ba7 12. Nf1 c6 13. Ng3 Re8 14.
Nf5 d5 15. dxe5 Nxe4 16. N5d4 Nxe5 17. Nxe5 Rxe5 18. Bf4 Re8 19. Bc2 Bd7 20. Qh5 Qf6 21. Be3 Bb8 22. Re2 Qd6 23. g3 Nxg3 24. fxg3 Qxg3+ 25. Rg2 Qxe3+ 26. Kh1 Qxh3+ 27. Qxh3 Bxh3 28. Rf2 Bd7 29.
Rg1 Be5 30. Nf5 Bxf5 31. Rxf5 g6 32. Rf3 Kg7 0-1

[Event "*** Titled Tuesday Blitz"]
[Site "Chess.com"]
[Date "2020.05.12"]
[Round "3"]
[White "Didici"]
[Black "GadimbayliA"]
[Result "0-1"]
[WhiteElo "2633"]
[BlackElo "2847"]
[TimeControl "180+1"]
[EndTime "10:28:13 PDT"]
[Termination "GadimbayliA won on time"]

1. d4 d5 2. c4 e5 3. dxe5 d4 4. Nf3 Nc6 5. a3 Nge7 6. b4 Ng6 7. Bb2 a5 8. b5 Ncxe5 9. Bxd4 Nxc4 10. e3 Be6 11.
Qc2 Nd6 12. Bd3 Qd7 13. Nc3 Rc8 14. O-O Be7 15. Bxg7 Rg8 16. Bd4 Bh3 17. g3 Bxf1 18.
Bxf1 Qf5 19. Qe2 h5 20. e4 Qe6 21. Bg2 h4 22. Re1 Nf4 23. Qd1 Nxg2 24. Kxg2 c6 25.
bxc6 bxc6 26. Be3 Rd8 27. Nd4 Qc4 28. Qa1 c5 29. Nc6 Nxe4 30. Nxd8 Nxc3 31. Nc6 h3+ 32. Kg1 Qd5 33. f3 Qxf3 34. Qb2 Qxc6 0-1

[Event "*** Titled Tuesday Blitz"]
[Site "Chess.com"]
[Date "2020.05.12"]
[Round "3"]
[White "Alexander_Moskalenko"]
[Black "MarcoRiehle"]
[Result "1-0"]
[WhiteElo "2817"]
[BlackElo "2612"]
[TimeControl "180+1"]
[EndTime "10:28:13 PDT"]
[Termination "Alexander_Moskalenko won by checkmate"]

1. d4 d5 2. Bg5 f6 3. Bh4 c5 4. e3 Nc6 5. Nf3 e6 6. c4 cxd4 7. Nxd4 Bb4+ 8. Nc3 Nge7 9. Nxc6 bxc6 10. Bd3 O-O 11.
O-O e5 12. cxd5 cxd5 13. Qb3 Rb8 14. Rfd1 Be6 15. a3 Bc5 16. Qc2 g6 17. Bc4 Qd7 18. Ne4 Qc6 19. Nxf6+ Rxf6 20. Bxf6 dxc4 21. Bxe5 Rf8 22.
Bd4 Bd6 23. Rac1 Nf5 24. Bc3 Nh4 25. e4 Qc7 26. Rxd6 Qxd6 27. Bb4 Qf4 28. Bxf8 Qg4 29. f3 Nxf3+ 30. Kh1 Ng5 31. Bh6 Nxe4 32. Rf1 Bf5 33. Qxc4+ Kh8 34. Qc8+ Bxc8 35. Rf8# 1-0

[Event "*** Titled Tuesday Blitz"]
[Site "Chess.com"]
[Date "2020.05.12"]
[Round "3"]
[White "Andrei_Belozerov"]
[Black "EugeneRougon"]
[Result "1-0"]
[WhiteElo "2602"]
[BlackElo "2754"]
[TimeControl "180+1"]
[EndTime "10:28:13 PDT"]
[Termination "Andrei_Belozerov won by checkmate"]

1. e4 e6 2. d4 d5 3. Nd2 Be7 4. e5 c5 5. c3 Nc6 6. Bd3 cxd4 7. cxd4 Qb6 8. Ndf3 Bd7 9. Ne2 Nb4 10. Bb1 Qa6 11.
O-O Bb5 12. Re1 Nd3 13. Bxd3 Bxd3 14. Nf4 Bb5 15. Bd2 Nh6 16. Nh5 Nf5 17. g4 g6 18.
Nf6+ Bxf6 19. exf6 Nd6 20. Ne5 h5 21. g5 O-O 22.
Bb4 Rfc8 23. Bxd6 Qxd6 24. Qd2 Rc7 25. Rac1 Rac8 26. h4 b6 27. Qf4 a5 28. a3 Rxc1 29. Rxc1 Rc7 30. Rxc7 Qxc7 31. Nxg6 Qc2 32. Ne5 Qd1+ 33.
Kh2 Qf1 34. g6 Be2 35. gxf7+ Kf8 36. Qh6# 1-0

[Event "*** Titled Tuesday Blitz"]
[Site "Chess.com"]
[Date "2020.05.12"]
[Round "3"]
[White "PIwan"]
[Black "Matalon"]
[Result "0-1"]
[WhiteElo "2515"]
[BlackElo "2350"]
[TimeControl "180+1"]
[EndTime "10:28:13 PDT"]
[Termination "Matalon won on time"]

1. c4 Nf6 2. Nc3 g6 3. e4 d6 4. d4 Bg7 5. f3 O-O 6. Bg5 c5 7. d5 h6 8. Be3 e6 9. Qd2 a6 10.
a4 exd5 11. cxd5 Re8 12. Nge2 h5 13. Nf4 Nbd7 14. Be2 Ne5 15. O-O Bd7 16. b3 b5 17.
axb5 axb5 18. Rxa8 Qxa8 19. Bxb5 Bxb5 20. Nxb5 Qb8 21.
Qa5 Re7 22. Ne2 Nd3 23. Nec3 Ne8 24. Ra1 Rb7 25. Rd1 Nb2 26. Rb1 Nd3 27. Rd1 Nb4 28. Bf4 Nc2 29. h3 Nd4 30. Nxd4 Bxd4+ 31. Kh2 Rxb3 32. Ne2 Bf6 33. Qd2 Rb2 34. Qe3 Qb3 35. Rd3 Qc2 0-1

[Event "*** Titled Tuesday Blitz"]
[Site "Chess.com"]
[Date "2020.05.12"]
[Round "3"]
[White "bait_or_mate"]
[Black "AniJak"]
[Result "1-0"]
[WhiteElo "2503"]
[BlackElo "2233"]
[TimeControl "180+1"]
[EndTime "10:28:14 PDT"]
[Termination "bait_or_mate won by resignation"]

1. d4 d5 2. c4 c6 3. cxd5 cxd5 4.
Bf4 Nc6 5. e3 a6 6. Nc3 Nf6 7.
Bd3 g6 8. Nf3 Bf5 9. Bxf5 gxf5 10. O-O e6 11. Rc1 Bd6 12. Bxd6 Qxd6 13. Na4 f4 14.
exf4 Qxf4 15. Nc5 Ra7 16. Nxb7 Rxb7 17. Rxc6 O-O 18. Rxa6 Rxb2 19. Qc1 Qxc1 20. Rxc1 Ne4 21. Rf1 Rc8 22. Ne5 Rd2 23. a4 Rcc2 24. Rc6 Rxf2 25. Rxc2 Rxc2 26. Ra1 f6 27. Nd7 Rc6 28. a5 Ra6 29. Nb8 Ra8 30. Nc6 Nd6 31. a6 Nc8 32. a7 Kf7 33. Rb1 Nxa7 34. Rb7+ Kg6 35. Rxa7 Rxa7 36. Nxa7 Kf5 37. Nc6 e5 38. Kf2 Ke4 39.
Ke2 exd4 40. Nb4 f5 41. Nd3 h5 42. Nf2+ Kf4 43. Kd3 h4 44. Kxd4 Kg5 45. Kxd5 f4 46. Ke4 1-0

[Event "*** Titled Tuesday Blitz"]
[Site "Chess.com"]
[Date "2020.05.12"]
[Round "3"]
[White "mmaks007"]
[Black "ehrenfeld"]
[Result "0-1"]
[WhiteElo "2233"]
[BlackElo "2503"]
[TimeControl "180+1"]
[EndTime "10:28:14 PDT"]
[Termination "ehrenfeld won by resignation"]

1. e4 e5 2. Nf3 Nc6 3. Bb5 a6 4. Ba4 Nf6 5. O-O Be7 6. Re1 b5 7. Bb3 d6 8. c3 O-O 9. h3 Na5 10. Bc2 c5 11. d4 Qc7 12. d5 Bd7 13. Nbd2 c4 14. Nf1 Nb7 15. g4 h5 16. g5 Nh7 17.
Kh2 g6 18. Be3 Nc5 19. Qd2 Qc8 20. h4 Kh8 21. Ng3 a5 22. Ng1 Re8 23. Rf1 Bf8 24. Rae1 Bg7 25. f4 exf4 26. Bxf4 Qc7 27. Be3 Re7 28. Bd4 Bg4 29. Bxg7+ Kxg7 30. Qd4+ Kg8 31. Nf3 Bxf3 32. Rxf3 Nd7 33. Rf4 Ne5 34.
Kg2 b4 35. Ref1 Rb8 36. R1f2 Nf8 37. Nf1 Nfd7 38. Nh2 Nc5 39. Rf6 b3 40. axb3 cxb3 41. Bb1 a4 42. Nf3 Nxf3 43. R2xf3 Nd7 44. Rf2 Ne5 45. Rf1 Ra8 46. R6f4 Qa7 47. Qxa7 Raxa7 48. Rd1 Rec7 49. Rd4 Kf8 50. Rf6 Ke7 51. Rf1 Rcb7 52. Rfd1 a3 53. bxa3 Rxa3 54. Kg3 b2 0-1

[Event "*** Titled Tuesday Blitz"]
[Site "Chess.com"]
[Date "2020.05.12"]
[Round "3"]
[White "Batsai"]
[Black "Stewie_89"]
[Result "0-1"]
[WhiteElo "2258"]
[BlackElo "2617"]
[TimeControl "180+1"]
[EndTime "10:28:14 PDT"]
[Termination "Stewie_89 won on time"]

1. e4 Nf6 2. e5 Nd5 3. d4 d6 4.
Nf3 g6 5. Bc4 c6 6. O-O Bg7 7.
exd6 Qxd6 8. c3 O-O 9. Nbd2 Nd7 10. Ne4 Qc7 11. Re1 b5 12. Bb3 a5 13. Ng3 a4 14.
Bxd5 cxd5 15. Rxe7 a3 16. bxa3 Qxc3 17. Rb1 Nb6 18.
Rxb5 Nc4 19. Rxd5 Be6 20. Rc5 Rfd8 21. Bd2 Qxa3 22. Bg5 Qxc5 23. Re8+ Rxe8 24. dxc5 Rxa2 25. Nf1 Ra1 26. Qd3 Rb8 27. h4 h6 28. Bf4 Rbb1 29. Nh2 Rd1 30. Qe4 Rd4 31. Qf3 Bd5 32.
Qg3 Nd2 33. Bxd2 Rxd2 34. Qb8+ Kh7 35. Qb5 Rc2 36. h5 Bc4 37. Qd7 Rcc1 38. hxg6+ fxg6 39.
g4 Bxf1 40. Nxf1 Rxf1+ 41. Kg2 Rg1+ 42. Kf3 Ra3+ 43. Ke2 Rg2 44. c6 Ra2+ 45. Kd3 Rgxf2 46. Ke4 Rae2+ 47. Kd5 Rd2+ 0-1

[Event "*** Titled Tuesday Blitz"]
[Site "Chess.com"]
[Date "2020.05.12"]
[Round "3"]
[White "Pedrada88"]
[Black "SophieNikoladze"]
[Result "1-0"]
[WhiteElo "2354"]
[BlackElo "2124"]
[TimeControl "180+1"]
[EndTime "10:28:15 PDT"]
[Termination "Pedrada88 won by resignation"]

1. Nf3 b5 2. e4 Bb7 3. d3 c5 4. g3 e6 5. Bg2 Nf6 6. O-O d5 7. e5 Nfd7 8. Qe2 Nc6 9. c4 bxc4 10. dxc4 d4 11. h4 Qc7 12. Bf4 O-O-O 13. Na3 a6 14. Rab1 Be7 15. Rfc1 d3 16. Qxd3 Ndxe5 17. Qc3 Nxf3+ 18.
Bxf3 e5 19. Be3 f5 20. Bd5 Nd4 21. Bxd4 exd4 22. Qf3 g6 23. b4 cxb4 24. Nc2 a5 25. Nxd4 Kb8 26. Ne6 Qd7 27. Nxd8 Rxd8 28. Bxb7 Qxb7 29.
Qxb7+ Kxb7 30. Rd1 Kc6 31. Rxd8 Bxd8 32. Rd1 Bb6 33. Rd5 Bc7 34. Kf1 a4 35. Ke2 Bd6 36.
Kd3 Bc5 37. f3 Bf2 38. g4 fxg4 39. fxg4 Bxh4 40. Ra5 a3 41. Ra7 h6 42. Ra6+ Kc5 43. Rxg6 Bg5 44. Ra6 Bc1 45. Ra5+ Kc6 46. Rb5 1-0

[Event "*** Titled Tuesday Blitz"]
[Site "Chess.com"]
[Date "2020.05.12"]
[Round "3"]
[White "vovachesss"]
[Black "Jospem"]
[Result "0-1"]
[WhiteElo "2635"]
[BlackElo "2863"]
[TimeControl "180+1"]
[EndTime "10:28:16 PDT"]
[Termination "Jospem won on time"]

1. d4 Nf6 2. Nc3 d5 3. Bf4 a6 4. e3 e6 5. Nf3 b5 6. Bd3 Bb7 7. O-O Nbd7 8. a4 b4 9. Ne2 c5 10. c3 c4 11. Bb1 a5 12. Ne5 Be7 13. f3 O-O 14. Ng3 g6 15. e4 Qb6 16. h4 Nxe5 17. Bxe5 Nd7 18. Bf4 Bxh4 19. exd5 exd5 20. Ne2 Rfe8 21. g3 Bf6 22. Qd2 b3 23. Kg2 Re7 24. g4 Rae8 25. Ng3 Nf8 26. Bg5 Bxg5 27. Qxg5 Ne6 28. Qd2 Qd6 29. f4 Nf8 30. f5 Re3 31. Qf2 g5 32. f6 Ng6 33. Bxg6 hxg6 34. Rh1 Qf4 35. Rh3 Qxf2+ 36. Kxf2 R3e6 37. Rah1 Rxf6+ 38. Kg2 Kf8 39. Rh8+ Ke7 40. Re1+ Re6 41. Rxe6+ fxe6 42. Rh7+ Kf6 43. Rxb7 e5 44. dxe5+ Kxe5 45. Ne2 Ke4 46. Nd4 Kd3 47. Rd7 Kd2 48. Rxd5 Kc1 49.
Rxa5 Kxb2 50. Rc5 Kxc3 0-1

[Event "*** Titled Tuesday Blitz"]
[Site "Chess.com"]
[Date "2020.05.12"]
[Round "3"]
[White "chenrip"]
[Black "ThePatrick27"]
[Result "0-1"]
[WhiteElo "2327"]
[BlackElo "2530"]
[TimeControl "180+1"]
[EndTime "10:28:16 PDT"]
[Termination "ThePatrick27 won by resignation"]

1. e4 e5 2. Nf3 Nc6 3. d4 exd4 4. Nxd4 Nf6 5. Nxc6 bxc6 6. Qe2 Bc5 7. Bg5 h6 8. Bh4 d6 9. Nd2 O-O 10. O-O-O Re8 11.
Qd3 a5 12. Nb3 Bb6 13. a4 Qe7 14. f3 c5 15. g4 Bd7 16. g5 Nh7 17. g6 Qxh4 18.
gxh7+ Kxh7 19. Qc3 Qf4+ 20. Kb1 Bxa4 21. Rg1 Qe5 22. Qd2 Bxb3 23. cxb3 a4 24. Bc4 Re7 25.
Bd5 Ra7 26. f4 Qf6 27. Qd3 g6 28. h4 c4 29. bxc4 Bxg1 30. Rxg1 a3 31. Rg2 axb2 32. Rxb2 Qxf4 33. h5 c5 34. hxg6+ fxg6 35. Rb8 Qe5 36. Qb3 Qa1+ 37. Kc2 Ra2+ 38. Kd3 Ra3 39. Bg8+ Kg7 0-1

[Event "*** Titled Tuesday Blitz"]
[Site "Chess.com"]
[Date "2020.05.12"]
[Round "3"]
[White "rpragchess"]
[Black "Riazantsev"]
[Result "0-1"]
[WhiteElo "2897"]
[BlackElo "2671"]
[TimeControl "180+1"]
[EndTime "10:28:17 PDT"]
[Termination "Riazantsev won by resignation"]

1. Nf3 d5 2. g3 Nc6 3. d4 Bf5 4. Bg2 Nb4 5. Na3 e6 6. O-O h5 7. c3 Nc6 8. Qb3 Bxa3 9. Qxa3 Be4 10. Qb3 b6 11. Rd1 f6 12. Bf1 Bf5 13. c4 Nge7 14.
Nh4 Bh7 15. Bh3 g5 16. Bxe6 gxh4 17. cxd5 Nb8 18. Bf4 Be4 19. Qa4+ Kf8 20. Rac1 Bxd5 21. Bxc7 Qe8 22. Qxe8+ Kxe8 23. Bxd5 Nxd5 24. Bd6 Kd7 25. Ba3 f5 26. f3 Re8 27. Kf2 Nc6 28. gxh4 f4 29. Rg1 Rg8 30. Rg5 Rxg5 31. hxg5 h4 32. b3 Rg8 33. Rg1 Ke6 34. Rg4 Nxd4 35. Rxh4 Rxg5 36.
Rh6+ Kf7 37. Rh7+ Kg6 38. Rd7 Nc2 39. Bb2 Nde3 40. Rg7+ Kf5 41. Rxg5+ Kxg5 42. Be5 b5 43. a4 b4 44. Bb8 a6 45. Bd6 Nd5 46. Bc5 Na1 47.
Bd4 Nxb3 48. Bb2 0-1

[Event "*** Titled Tuesday Blitz"]
[Site "Chess.com"]
[Date "2020.05.12"]
[Round "3"]
[White "Shield12"]
[Black "murtas73"]
[Result "1-0"]
[WhiteElo "2805"]
[BlackElo "2603"]
[TimeControl "180+1"]
[EndTime "10:28:17 PDT"]
[Termination "Shield12 won by resignation"]

1. d4 Nf6 2. c4 e6 3. Nf3 b6 4. g3 Bb7 5. Bg2 Be7 6. O-O O-O 7. Nc3 Ne4 8. Bd2 d5 9. cxd5 exd5 10. Rc1 Nd7 11. Bf4 c5 12. dxc5 Nxc3 13. Rxc3 bxc5 14. Ne5 Nb6 15. b3 Bd6 16. Nd3 Rc8 17.
Bxd6 Qxd6 18. Qc1 Nd7 19. Nf4 Rc7 20. Nxd5 Bxd5 21. Rd1 Nf6 22. Bxd5 Nxd5 23. Rcd3 Qe6 24. Rxd5 Qxe2 25. Rd8 Qe7 26. Rxf8+ Qxf8 27. Qc4 g6 28. Rd5 Qe7 29. Kg2 h5 30. h4 Kh7 31. Rd3 Qe5 32. Rc3 Kg7 33. Rc1 a5 34. Qd3 Qf6 35. Rc4 Qc6+ 36.
Kg1 Re7 37. Qc3+ Kh7 38. Rxc5 Re1+ 39. Qxe1 Qxc5 40. Qe4 Kg8 41. Kg2 Qb6 42. Qd5 Qb4 43. Kf3 Kf8 44. Qd8+ Kg7 45. Qd3 Kg8 46. Ke3 Qc5+ 47.
Qd4 Qc1+ 48. Kf3 Qc6+ 49. Qe4 Qc3+ 50. Kg2 Qd2 51. a3 Qc3 52. b4 Qxa3 53. Qa8+ Kh7 54. bxa5 Qc5 55. a6 1-0

[Event "*** Titled Tuesday Blitz"]
[Site "Chess.com"]
[Date "2020.05.12"]
[Round "3"]
[White "Mimsychess"]
[Black "Sven_Tica"]
[Result "1-0"]
[WhiteElo "2339"]
[BlackElo "2639"]
[TimeControl "180+1"]
[EndTime "10:28:17 PDT"]
[Termination "Mimsychess won by resignation"]

1. d4 d5 2. c4 e6 3. Nc3 Nf6 4. cxd5 exd5 5. Bg5 c6 6. e3 Be6 7. Bd3 Nbd7 8. Nge2 h6 9. Bh4 g5 10. Bg3 Nh5 11. Qc2 Nxg3 12. hxg3 Bd6 13. O-O-O Qc7 14. f3 O-O-O 15. g4 Nf6 16. Kb1 Kb8 17. Nc1 Qe7 18. Na4 Bc8 19. Rhe1 Bb4 20. Re2 h5 21. a3 Bd6 22.
gxh5 Nxh5 23. Nb3 Ng3 24. Ree1 Rh2 25. Nac5 Bh3 26. Rd2 Be6 27. Na5 Bxc5 28. dxc5 Qc7 29. Qc3 Rdh8 30. e4 Rh1 31. Rdd1 R1h2 32. exd5 Bxd5 33.
Nc4 Rd8 34. Qf6 Bxc4 35. Bxc4 Rxd1+ 36. Rxd1 a6 37. Rd8+ Ka7 38. Qd6 Qxd6 39. cxd6 Rxg2 40. Kc1 Kb6 41. Rc8 Nf5 42. d7 Rg1+ 43. Kd2 Rg2+ 44.
Kc3 1-0

[Event "*** Titled Tuesday Blitz"]
[Site "Chess.com"]
[Date "2020.05.12"]
[Round "3"]
[White "XDPS"]
[Black "Duhless"]
[Result "0-1"]
[WhiteElo "2680"]
[BlackElo "3095"]
[TimeControl "180+1"]
[EndTime "10:28:18 PDT"]
[Termination "Duhless won by resignation"]

1. e4 Nf6 2. e5 Nd5 3. Nc3 Nxc3 4. dxc3 d5 5. Bf4 Bf5 6. g4 Be4 7. f3 Bg6 8. e6 fxe6 9. h4 Nd7 10. h5 Bf7 11.
Qe2 e5 12. Bxe5 Nxe5 13. Qxe5 Qd6 14. Bb5+ c6 15. Qxd6 exd6 16. Bd3 Be7 17. Kf2 O-O 18. Ne2 Rae8 19. Ng3 g6 20. hxg6 hxg6 21. Rae1 Bg5 22. Ne2 Bd2 23. Rd1 Be3+ 24. Kg2 c5 25. Ng3 Kg7 26.
b3 Re7 27. c4 Bf4 28. Ne2 Bg8 29. Rh3 dxc4 30. bxc4 d5 31. cxd5 Bxd5 32. Nc3 Bc6 33. Be4 Be5 34. Rdh1 Bxc3 35. Rh7+ Kf6 36. g5+ Ke6 37.
Bxc6 Rxh7 38. Rxh7 bxc6 39. Rxa7 Rf5 0-1

[Event "*** Titled Tuesday Blitz"]
[Site "Chess.com"]
[Date "2020.05.12"]
[Round "3"]
[White "JozefKneht"]
[Black "Berardino"]
[Result "0-1"]
[WhiteElo "2373"]
[BlackElo "2627"]
[TimeControl "180+1"]
[EndTime "10:28:18 PDT"]
[Termination "Berardino won by resignation"]

1. e4 c5 2. Nf3 b6 3. d4 cxd4 4. Nxd4 Bb7 5. Nc3 Nf6 6. Bd3 Nc6 7. Nxc6 Bxc6 8. O-O e6 9. e5 Nd5 10. Nxd5 Bxd5 11. Bf4 Bc5 12. Qe2 g5 13. Bd2 h5 14. Be4 Bxe4 15. Qxe4 g4 16. Bg5 Qc8 17. Rad1 Qc6 18. Qf4 f5 19. Bf6 Rh7 20. Qg5 Kf7 21. Bd8 Qc8 22. Qf6+ Kg8 23. Qg6+ Rg7 24. Qe8+ Bf8 25.
Qxh5 Qxd8 26. Rd3 Qc7 27. Rfd1 Qxe5 28. g3 d5 29. Re3 Qf6 30. Rde1 Re7 31. c3 Rae8 32.
h4 Bg7 33. R3e2 d4 34. cxd4 Qxd4 35. Qg5 Qf6 36. Qd2 e5 37. Qd5+ Qf7 38. Qb5 Rd7 39. a4 Red8 40. Kh2 Qd5 41. Qb4 Qc5 42. Qb3+ Kh7 43. Qe6 e4 44. b4 Qd5 45. Qxd5 Rxd5 46. b5 Rd2 47. Kg2 Bc3 48. Rxd2 Rxd2 49. Rc1 Bd4 50.
Rc7+ Kg6 51. Rc6+ Kg7 52. Rc7+ Kf6 53. Rc6+ Ke5 0-1

[Event "*** Titled Tuesday Blitz"]
[Site "Chess.com"]
[Date "2020.05.12"]
[Round "3"]
[White "lIlIlIlI_lIl"]
[Black "El_ultimo_Pablo"]
[Result "1-0"]
[WhiteElo "2635"]
[BlackElo "2422"]
[TimeControl "180+1"]
[EndTime "10:28:19 PDT"]
[Termination "lIlIlIlI_lIl won by resignation"]

1. e4 e5 2. Nf3 Nc6 3. Bb5 a6 4. Ba4 Nf6 5. d3 b5 6. Bb3 Bc5 7. Nc3 h6 8. Nd5 d6 9. c3 Be6 10. d4 exd4 11. cxd4 Bxd5 12. exd5 Bb4+ 13. Kf1 Ne7 14. Nh4 Qd7 15. h3 Nf5 16. Qe2+ Kf8 17. Nf3 Re8 18. Qc2 Nxd4 19. Qd3 Nxf3 20. gxf3 Re1+ 21.
Kg2 Rxh1 22. Kxh1 Qxh3+ 23. Kg1 Ng4 24. Bf4 Nf6 25. a4 g6 26. axb5 axb5 27. Qd4 Kg7 28. Qxb4 Qxf3 29. Qd4 Re8 30. Bg3 Re4 31. Qc3 h5 32.
Qxf3 Rd4 33. Qc3 Re4 34. Ra8 h4 35. Bh2 g5 36. Bc2 Rg4+ 37. Kf1 Rc4 38. Rg8+ Kxg8 39.
Qxf6 Rxc2 40. Qxg5+ Kf8 41. Qd8+ Kg7 42. Bf4 Rxb2 43. Bh6+ Kg6 44. Qg5+ 1-0

[Event "*** Titled Tuesday Blitz"]
[Site "Chess.com"]
[Date "2020.05.12"]
[Round "3"]
[White "Kotofeyca"]
[Black "Zubrrr"]
[Result "1-0"]
[WhiteElo "2435"]
[BlackElo "2653"]
[TimeControl "180+1"]
[EndTime "10:28:19 PDT"]
[Termination "Kotofeyca won on time"]

1. d4 f5 2. Nc3 Nf6 3. Bg5 d5 4. Bxf6 exf6 5. e3 Be6 6. Bd3 Qd7 7. Qf3 Nc6 8. Nge2 Ne7 9. Nf4 Bf7 10. h4 h5 11.
O-O-O c6 12. Kb1 g6 13. Rc1 Nc8 14. Na4 Nd6 15. Nc5 Qe7 16. Qe2 b6 17. Na6 Qb7 18. a3 Be7 19. f3 Nc4 20. Nb4 a5 21. Na2 O-O-O 22. e4 fxe4 23. fxe4 Rhe8 24. exd5 Bxa3 25. Ne6 Bxe6 26. dxe6 b5 27. bxa3 Nxa3+ 28. Ka1 Rxd4 29. Bxg6 Re7 30. Rhd1 Ra4 31. Bf5 Qc7 32. Rd7 Rxd7 33.
exd7+ Kb7 34. Rd1 1-0

[Event "*** Titled Tuesday Blitz"]
[Site "Chess.com"]
[Date "2020.05.12"]
[Round "3"]
[White "GMaka"]
[Black "stoleriu"]
[Result "0-1"]
[WhiteElo "2358"]
[BlackElo "2557"]
[TimeControl "180+1"]
[EndTime "10:28:19 PDT"]
[Termination "stoleriu won on time"]

1. b3 e5 2. Bb2 Nc6 3. e3 Nf6 4. Bb5 Bd6 5. d3 O-O 6. Nd2 a6 7. Bxc6 dxc6 8. e4 Qe7 9. h3 Ne8 10. Ngf3 f5 11. exf5 Bxf5 12. Qe2 Nf6 13. O-O Rae8 14.
Nc4 e4 15. dxe4 Nxe4 16. Nxd6 cxd6 17. Rfe1 Qf7 18. Nh4 Bxh3 19. gxh3 Nxf2 20. Qf3 Rxe1+ 21. Rxe1 Qd7 22. Qg3 Nxh3+ 23. Kh1 Nf2+ 24. Kg2 Ng4 25. Rf1 Ne3+ 26. Qxe3 Qg4+ 27. Qg3 Qxg3+ 28. Kxg3 Rxf1 29. Ba3 d5 30. c3 Ra1 31. Nf5 Rxa2 32. Bd6 Kf7 33. Nd4 g5 34. Kg4 Kg6 0-1